 Dungeon Crawl Stone Soup version 0.30-a0-341-g6827065 (webtiles) character file.

Game seed: 1339779345260753493

2959 Dorkslayer the Covert (level 9, -5/57 (58) HPs)
             Began as an Octopode Brigand on Nov 3, 2022.
             Was an Initiate of Gozag.
             Slain by a wight
             ... wielding a +0 great sword
              (15 damage)
             ... on level 8 of the Dungeon.
             The game lasted 00:14:56 (6805 turns).

Dorkslayer the Covert (Octopode Brigand)            Turns: 6805, Time: 00:14:57

HP:   -5/57 (58)    AC:  3    Str: 12    XL:     9   Next: 81%
MP:   24/24         EV: 14    Int: 14    God:    Gozag
Gold: 964           SH:  6    Dex: 15    Spells: 16/16 levels left

rFire   . . .      SeeInvis .    y - +3 morningstar (venom)
rCold   + . .      Faith    .    e - +2 buckler
rNeg    . . .      Spirit   .    c - +2 hat
rPois   .          Reflect  .    A - amulet of the acrobat
rElec   .          Harm     .    l - ring of protection from cold
rCorr   +          Rampage  .    x - ring of magical power
Will    .....                    o - ring of wizardry
Stlth   +++++.....               D - ring of resist corrosion
HPRegen 0.29/turn                (no ring)
MPRegen 0.19/turn                (no ring)
                                 (no ring)
                                 (no ring)

@: gold aura, lightly drained
A: almost no armour, amphibious, 8 rings, camouflage 1, gelatinous body 1,
(nimble swimmer 1), tentacles
a: Renounce Religion, Potion Petition, Call Merchant, Bribe Branch


You were on level 8 of the Dungeon.
You worshipped Gozag.
Gozag was pleased with you.
You visited 1 branch of the dungeon, and saw 8 of its levels.

You collected 1003 gold pieces.
You paid 39 gold pieces to Gozag.

Inventory:

Hand Weapons
 a - a +2 dagger
 g - a +1 hand axe of flaming
 y - a +3 morningstar of venom (weapon)
Missiles
 b - 28 poisoned darts
 s - 4 javelins (quivered)
Armour
 c - a +2 hat (worn)
 e - a +2 buckler (worn)
Jewellery
 l - a ring of protection from cold (left tentacle)
 o - a ring of wizardry (on tentacle)
 x - a ring of magical power (right tentacle)
 A - an amulet of the acrobat (around mantle)
 D - a ring of resist corrosion (on tentacle)
Scrolls
 d - 2 scrolls of fear
 f - 2 scrolls of immolation
 j - 4 scrolls of teleportation
 k - a scroll of vulnerability
 n - 2 scrolls of magic mapping
 u - a scroll of enchant armour {unknown}
 B - 2 scrolls of amnesia
 C - a scroll of blinking {unknown}
Potions
 h - 2 potions of heal wounds {unknown}
 i - a potion of attraction {unknown}
 m - 2 potions of brilliance
 p - 2 potions of might {unknown}
 q - 2 potions of lignification
 r - a potion of haste
 t - a potion of degeneration {unknown}
 v - 2 potions of magic
 w - a potion of invisibility {unknown}
 z - a potion of cancellation {unknown}


   Skills:
 + Level 3.8 Fighting
 + Level 2.4 Short Blades
 + Level 5.6(6.6) Axes
 * Level 5.3(6.5) Maces & Flails
 + Level 3.9 Throwing
 + Level 3.5 Dodging
 + Level 8.1 Stealth
 + Level 1.9 Shields
 + Level 3.3 Unarmed Combat
 * Level 4.3 Spellcasting
 * Level 3.4 Evocations


You had 16 spell levels left.
You didn't know any spells.
Your spell library contained the following spells:

 Spells                   Type           Power      Damage    Failure   Level
 Necrotise                Necr           12%        1d4       10%         1
 Vampiric Draining        Necr           3%         2d6       28%         3
 Agony                    Necr           3%         N/A       92%         5


Dungeon Overview and Level Annotations

Branches:
Dungeon (8/15)             Temple (0/1) D:4
   Lair: D:8-11

Altars:
Ashenzari
Dithmenos
Elyvilon
Fedhas
Gozag
Hepliaklqana
Kikubaaqudgha
Makhleb


Innate Abilities, Weirdness & Mutations

You cannot wear most types of armour.
You are amphibious.
You can wear up to eight rings at the same time.
Your skin changes colour to match your surroundings (Stealth+).
Your rubbery body absorbs attacks. (AC +1, EV +1)
((You are camouflaged when in or above water. (Stealth+)))
You have tentacles for arms and can constrict up to eight enemies at once.


Message History

Things that are here:
a +5 mace; a +0 robe
s - 3 javelins (gained 1)
There are no items here.
You see here a javelin.
The helpless white imp fails to defend itself.
You puncture the white imp!
You kill the white imp!
You see here 5 gold pieces.
s - 4 javelins (gained 1)
There are no items here.
You feel your willpower return.
You see here 5 gold pieces.
Found a potion of magic. 2 wights come into view.
Found 6 stones.
Found a stone staircase leading up.
A wight comes into view. It is wielding a +5 dire flail.
You block the wight's attack.
You thump the wight!
You destroy the wight!
The wight hits you with a +0 long sword!
You feel drained.
You sock the wight! You grab the wight.
The wight is heavily damaged.
You constrict the wight, but do no damage.
The wight misses you.
You hit the wight. You squeeze the wight.
The wight is almost destroyed.
You constrict the wight. The wight misses you. You block the wight's attack.
You puncture the wight!
You destroy the wight!
The wight hits you with a +0 great sword!
* * * LOW HITPOINT WARNING * * *
The wight barely misses you.
You closely miss the wight. Your grab misses the wight. You squeeze the wight.
The wight is lightly damaged.
The wight hits you with a +0 great sword!
You die...
Your body crumbles into a pile of gold.

*,,,*,,$**,***** ##..#...#......
*,,***,,,,,,,,,**##..........))..
*,,* **,,.,,,,,,*#.$......#.##...
,,** ***#.##,*####........##....
,,* *,,.....##..#.........#....
,,******,...<.#..........#.......
,,,,,**,,*#..............#.......
,,,*,,,,,*#..................#...
,,,*,**,,*#.....@..#.........#...
,,,****,,*##...$$z....$..........
,**,,*,,,*#......!.##............
,*,,,,,,,........................
**,,,,,,,...(.............*,,*#..
,,,,,,,,,...............,***,,...
,,,,,,,*,............z..,**,,,#..
*,,,,,,,,...............,***,*#.#
*,,,,,,,,,,,,,,,,,,,,,,,***,,*,,#


You could see 2 wights.

Vanquished Creatures
  Grinder (D:3)
  2 wyverns (D:7)
  2 orc warriors (D:7)
  An ice beast (D:7)
  An ogre (D:6)
  A centaur (D:7)
  A phantom (D:5)
  3 necrophages
  A gnoll sergeant (D:5)
  4 scorpions
  15 wights
  3 killer bees
  4 jellies
  3 orc priests (D:7)
  4 hounds
  An iguana (D:5)
  3 orc wizards (D:7)
  Terence (D:3)
  3 adders
  A gnoll (D:1)
  2 white imps
  4 worms
  2 dart slugs
  12 orcs
  6 ball pythons
  4 bats
  9 endoplasms
  2 giant cockroaches (D:2)
  7 goblins
  9 hobgoblins
  4 jackals (D:1)
  3 quokkas
  3 frilled lizards
  4 kobolds
126 creatures vanquished.

Vanquished Creatures (others)
  2 plants (D:3)
2 creatures vanquished.

Grand Total: 128 creatures vanquished

Notes
Turn   | Place    | Note
-------+----------+-------------------------------------------
     0 | D:1      | Dorkslayer the Octopode Brigand began the quest for the
                  | Orb.
     0 | D:1      | Reached XP level 1. HP: 14/14 MP: 1/1
   172 | D:1      | Reached XP level 2. HP: 15/19 MP: 3/3
   558 | D:1      | Reached skill level 1 in Spellcasting
   576 | D:1      | Reached XP level 3. HP: 24/24 MP: 4/4
   997 | D:2      | You fall into a shaft and drop 1 floor!
  1010 | D:3      | Found a broken altar of Ashenzari.
  1010 | D:3      | Found a blossoming altar of Fedhas.
  1012 | D:3      | Found an opulent altar of Gozag.
  1013 | D:3      | Found a hazy altar of Hepliaklqana.
  1015 | D:3      | Found a shadowy altar of Dithmenos.
  1016 | D:3      | Found a burning altar of Makhleb.
  1021 | D:3      | Became a worshipper of Gozag Ym Sagoz the Greedy
  1036 | D:3      | Reached XP level 4. HP: 26/29 MP: 5/5
  1039 | D:3      | Reached skill level 1 in Axes
  1110 | D:3      | Reached skill level 1 in Unarmed Combat
  1110 | D:3      | Noticed Grinder
  1118 | D:3      | Killed Grinder
  1119 | D:3      | Reached skill level 6 in Stealth
  1119 | D:3      | Reached XP level 5. HP: 18/35 MP: 5/7
  1119 | D:3      | Reached XP level 6. HP: 22/41 MP: 5/8
  1866 | D:3      | Found a faded altar of an unknown god.
  2012 | D:3      | Noticed Terence
  2021 | D:3      | Killed Terence
  2552 | D:4      | Found a staircase to the Ecumenical Temple.
  2908 | D:4      | Found an ancient bone altar of Kikubaaqudgha.
  3013 | D:5      | Entered Level 5 of the Dungeon
  3074 | D:5      | Reached XP level 7. HP: 40/45 MP: 10/10
  3585 | D:5      | Reached skill level 1 in Shields
  3788 | D:5      | Reached skill level 7 in Stealth
  4099 | D:5      | Reached skill level 5 in Axes
  4099 | D:5      | Reached XP level 8. HP: 37/51 MP: 12/12
  4498 | D:6      | Reached skill level 1 in Maces & Flails
  4799 | D:6      | Found a white marble altar of Elyvilon.
  5326 | D:7      | Noticed a wyvern
  5333 | D:7      | Killed a wyvern
  5452 | D:7      | Noticed a wyvern
  5524 | D:7      | Killed a wyvern
  5525 | D:7      | Reached skill level 1 in Evocations
  5571 | D:7      | Reached XP level 9. HP: 33/57 MP: 14/14
  6141 | D:7      | Reached skill level 8 in Stealth
  6763 | D:8      | Reached skill level 5 in Maces & Flails
  6805 | D:8      | Slain by a wight

Illustrated notes

Levels and vault maps discovered:
D:1:      heliophobic_arrival_enchanted_forest, layout_basic, fountainhead,
          minmay_cut_off
D:2:      layout_loops_ring
D:3:      layout_rooms, grunt_temple_overflow_open,
          hellmonk_ecumenical_altar_inner_sanctum, serial_bayou_lagoon_b,
          uniq_grinder, uniq_terence
D:4:      layout_loops_corners, general_overflow_altar,
          minmay_temple_entry_trees
D:5:      layout_basic, chequers_serial_rivers_micro_a, st_stairs_4
D:6:      layout_loops_corners, elyvilon_altar_4
D:7:      layout_gridville, serial_rivers, chequers_serial_rivers_micro_e,
          chequers_serial_rivers_large_b, chequers_serial_rivers_small_a,
          chequers_serial_rivers_micro_d, chequers_serial_rivers_micro_d,
          kennysheep_generic_room_15
D:8:      layout_cave_pools, nicolae_figureground_sparkle

Skill      XL: |  1  2  3  4  5  6  7  8  9 |
---------------+----------------------------+-----
Spellcasting   | 1 2 3 4 |  4.3
Axes           | 2 3 5 |  5.6
Unarmed Combat | 1 2 3 |  3.3
Stealth        | 6 7 8 |  8.1
Dodging        | 2 3 |  3.5
Shields        | 1 |  1.9
Maces & Flails | 3 5 |  5.3
Fighting       | 3 |  3.8
Evocations     | 1 3 |  3.4
Throwing       | 3 |  3.9
Short Blades   | |  2.4

Action                   |  1- 3 |  4- 6 |  7- 9 || total
-------------------------+-------+-------+-------++-------
Melee: Dagger            |    17 |       |       ||    17
       Tentacles         |    12 |    13 |    27 ||    52
       Constrict         |    14 |    16 |    27 ||    57
       Hand axe          |    35 |    70 |    42 ||   147
       Punch             |     1 |     2 |     5 ||     8
       Morningstar       |       |       |    96 ||    96
Throw: Dart              |     5 |     4 |    30 ||    39
       Javelin           |       |       |    19 ||    19
Evoke: Wand              |       |       |    20 ||    20
  Use: Scroll            |       |       |    10 ||    10
 Stab: Sleeping          |     7 |    14 |     9 ||    30
       Distracted        |     1 |       |     1 ||     2
Armor: Skin              |     2 |     7 |    14 ||    23
Dodge: Dodged            |    25 |    27 |   106 ||   158
Block: Buckler           |    10 |    16 |    41 ||    67

Table legend: (Time is in decaauts)
 A = Elapsed time spent in this place.
 B = Non-inter-level travel time spent in this place.
 C = Inter-level travel time spent in this place.
 D = Time resting spent in this place.
 E = Time spent auto-exploring this place.
 F = Levels seen in this place.
 G = Mean time per level.
                   A        B        C        D        E       F      G
               +--------+--------+--------+--------+--------+-----+--------+
         Total |   6865 |   6865 |      0 |    256 |   4621 |   8 |  858.1 |
       Dungeon |   6865 |   6865 |      0 |    256 |   4621 |   8 |  858.1 |
               +--------+--------+--------+--------+--------+-----+--------+

Top non-repeatable levels by time:
     D:5: 1343 daAuts
     D:7: 1283 daAuts
     D:6: 965 daAuts
     D:1: 823 daAuts
     D:4: 810 daAuts
     D:2: 787 daAuts
     D:3: 614 daAuts
     D:8: 236 daAuts
